 Dungeon Crawl Stone Soup version 0.24-a0-375-g4de66ed42b (console) character file.

Game seed: 16652718262762746071

63 Lexodia the Vexing (level 3, 0/33 HPs)
             Began as a Troll Arcane Marksman on May 31, 2019.
             Succumbed to an adder's poison
             ... on level 2 of the Dungeon.
             The game lasted 00:02:01 (702 turns).

Lexodia the Vexing (Troll Arcane Marksman)           Turns: 702, Time: 00:02:02

Health: 0/33       AC:  6    Str: 19    XL:     3   Next: 87%
Magic:  3/3        EV: 10    Int:  9    God:
Gold:   95         SH:  0    Dex: 10    Spells: 3/4 levels left

rFire    . . .     SeeInvis .   (no weapon)
rCold    . . .     Gourm    +   (no shield)
rNeg     . . .     Faith    .   a - +0 robe
rPois    .         Spirit   .   (helmet restricted)
rElec    .         Reflect  .   (no cloak)
rCorr    .         Harm     .   (gloves unavailable)
MR       .....                  (boots unavailable)
Stlth    +.........             (no amulet)
HPRegen  0.51/turn              (no ring)
MPRegen  0.08/turn              (no ring)

@: lethally poisoned (0 -> -4)
A: large, unfitting armour, claws 3, fast metabolism 3, gourmand, regeneration
1, shaggy fur 1, tough skin 3
a: no special abilities


You were on level 2 of the Dungeon.
You were completely stuffed.

You visited 1 branch of the dungeon, and saw 2 of its levels.

You collected 95 gold pieces.

Inventory:

Missiles
 c - 4 large rocks (quivered)
 d - 2 throwing nets
Armour
 a - a +0 robe (worn)
Jewellery
 h - a +3 amulet of reflection {unknown}
Scrolls
 b - a scroll of teleportation {unknown}
 j - a scroll of blinking {unknown}
 k - a scroll of identify {unknown}
 m - a scroll of remove curse {unknown}
Potions
 l - a potion of magic {unknown}
 n - a potion of heal wounds {unknown}
Comestibles
 f - 3 rations
 i - 5 chunks of flesh


   Skills:
 + Level 1.1 Fighting
 + Level 2.1 Throwing
 + Level 0.8 Armour
 - Level 2.1 Dodging
 + Level 0.3 Stealth
 + Level 0.8 Unarmed Combat
 + Level 1.1 Spellcasting
 + Level 2.1 Hexes


You had 3 spell levels left.
You knew the following spells:

 Your Spells              Type           Power        Failure   Level  Hunger
a - Corona                Hex            #......      16%         1    ##.....

Your spell library contained the following spells:

 Spells                   Type           Power        Failure   Level  Hunger
 Slow                     Hex            #.......     22%         2    ###....
 Inner Flame              Hex/Fire       #.......     56%         3    ####...
 Portal Projectile        Hex/Tloc       #.....       56%         3    ####...
 Cause Fear               Hex            #.........   83%         4    #####..
 Leda's Liquefaction      Hex/Erth       #.........   93%         4    #####..


Dungeon Overview and Level Annotations

Branches:
Dungeon (2/15)

Altars:
Xom


Innate Abilities, Weirdness & Mutations

You are too large for most types of armour.
You have claws for hands.
Your metabolism is lightning-fast.
You like to eat raw meat.
Your natural rate of healing is unusually fast.
You are covered in fur. (AC +1)
You have extremely tough skin. (AC +3)


Message History

You feel sick.
The adder bites you but does no damage. x2
Damage: -3%(-1hp) hp: 16%(5hp)
You closely miss the adder.
The adder is moderately wounded.
You feel sick. The adder bites you.
* * * LOW HITPOINT WARNING * * *
Huge Dmg: -9%(-3hp) hp: 7%(2hp) It was a potion of lignification.
You turn into a tree.
Your +0 robe melds into your body.
Your roots penetrate the ground.
You feel sick. The adder bites you.
* * * LOW HITPOINT WARNING * * *
You are more poisoned.
The adder poisons you!
Huge Dmg: -2%(-1hp) hp: 3%(1hp) It was a potion of cancellation.
Your magical effects are unravelling.
You feel magically purged.
You feel less wooden.
Your +0 robe unmelds from your body.
You die...

#####.#...####
####..
#....<...>#
##.
#.###.###.# ##
#.###.....#
#.........#
########.##
#.#
#.#########.#
#..gS@.......
#..######....
#..# ####...
#..###......
#........#..
##..........
#...≈≈≈....
#..≈≈≈≈≈...
#..≈≈♣≈≈...


You could see an adder and a hobgoblin.

Vanquished Creatures
  An orc priest (D:2)
  An ooze (D:1)
  A dart slug (D:1)
  A leopard gecko (D:2)
  4 orcs (D:2)
  6 goblins
  2 jackals (D:1)
  A quokka (D:2)
  A bat (D:2)
  A frilled lizard (D:1)
  2 rats
21 creatures vanquished.

Notes
Turn   | Place    | Note
-------+----------+-------------------------------------------
     0 | D:1      | Lexodia the Troll Arcane Marksman began the quest for the
                  | Orb.
     0 | D:1      | Reached XP level 1. HP: 18/18 MP: 1/1
    12 | D:1      | Huge Dmg: 6 dmg
   122 | D:1      | Reached XP level 2. HP: 26/26 MP: 2/2
   128 | D:1      | Huge Dmg: 7 dmg
   131 | D:1      | Reached skill level 1 in Fighting
   343 | D:1      | Found a shimmering altar of Xom.
   345 | D:1      | Found a shattered altar of Ashenzari.
   345 | D:1      | Found a shadowy altar of Dithmenos.
   347 | D:1      | Found a bloodstained altar of Trog.
   347 | D:1      | Found a hazy altar of Hepliaklqana.
   347 | D:1      | Found a radiant altar of Vehumet.
   539 | D:2      | Reached XP level 3. HP: 30/33 MP: 3/3
   683 | D:2      | Huge Dmg: 4 dmg
   694 | D:2      | Huge Dmg: 3 dmg
   696 | D:2      | Huge Dmg: 4 dmg
   701 | D:2      | Huge Dmg: 3 dmg
   701 | D:2      | HP: 1/49 [adder (2)]
   702 | D:2      | Huge Dmg: 1 dmg
   702 | D:2      | Succumbed to an adder's poison

Levels and vault maps discovered:
D:1:      dpeg_arrival_leaves_temple_mockup, layout_rooms, doesnt_xom_only_xom
D:2:      layout_loops_corners, elyvilon_altar_3, first_ration

Skill      XL: |  1  2 |
---------------+-------+-----
Fighting       | 1 |  1.1
Throwing       | 2 |  2.1
Dodging        | 2 |  2.1
Armour         | |  0.8
Stealth        | |  0.3
Unarmed Combat | |  0.8
Spellcasting   | |  1.1
Hexes          | |  2.1

Action                   || total
-------------------------++-------
Melee: Unarmed           ||    76
Throw: Large rock        ||     4
  Use: Potion            ||     2
 Stab: Sleeping          ||     1
  Eat: Chunk             ||    12
Armor: Robe              ||    24
Dodge: Dodged            ||    32

Table legend:
 A = Non-vault XP
 B = Vault XP
 C = Vault XP percentage of total XP
 D = Non-vault monster count
 E = Vault monster count
 F = Vault count percentage of total count
                 A         B        C        D         E       F
            +---------+---------+-------+---------+---------+-------
      Total |      90 |       0 |   0.0 |      21 |       0 |   0.0
            +---------+---------+-------+---------+---------+-------
        D:1 |      26 |       0 |   0.0 |      11 |       0 |   0.0
        D:2 |      64 |       0 |   0.0 |      10 |       0 |   0.0
            +---------+---------+-------+---------+---------+-------
